 Dungeon Crawl Stone Soup version 0.21-a0-509-gecc5317 (webtiles) character file.

43 Gwenloh the Skirmisher (level 3, -1/29 HPs)
             Began as a Demonspawn Chaos Knight on Nov 30, 2017.
             Slain by a gnoll
             ... wielding a +0 whip
              (3 damage)
             ... on level 1 of the Dungeon.
             The game lasted 00:05:04 (809 turns).

Gwenloh the Skirmisher (Demonspawn Chaos Knight)     Turns: 809, Time: 00:05:05

Health: -1/29      AC:  5    Str: 13    XL:     3   Next: 37%
Magic:  3/3        EV: 11    Int: 13    God:    Xom [..*...]
Gold:   20         SH:  0    Dex: 12    Spells: 2/2 levels left

rFire    . . .     SeeInvis .   a - +0 mace (chaos)
rCold    . . .     Gourm    .   (no shield)
rNeg     . . .     Faith    .   b - +2 leather armour
rPois    .         Spirit   .   (helmet restricted)
rElec    .         Reflect  .   (no cloak)
rCorr    .         Harm     .   (no gloves)
MR       .....                  (no boots)
Stlth    +.........             (no amulet)
HPRegen  0.09/turn              (no ring)
MPRegen  0.08/turn              (no ring)

@: no status effects
A: antennae 1, spiny 1
a: Renounce Religion


You were on level 1 of the Dungeon.
You worshipped Xom.
You were a toy of Xom.
You were not hungry.

You visited 1 branch of the dungeon, and saw 2 of its levels.

You collected 20 gold pieces.

Inventory:

Hand Weapons
 a - a +0 mace of chaos (weapon)
Missiles
 e - 11 arrows
 h - 21 bolts
Armour
 b - a +2 leather armour (worn)
 j - a +0 pair of gloves
Jewellery
 k - an uncursed amulet of the gourmand {unknown}
Scrolls
 d - a scroll of remove curse {unknown}
 g - a scroll of identify {unknown}
Potions
 l - 2 potions of curing {unknown}
Comestibles
 c - a bread ration
 f - a meat ration


   Skills:
 + Level 3.5 Fighting
 + Level 3.2 Maces & Flails
 + Level 2.4 Armour
 - Level 0.8 Dodging


You had 2 spell levels left.
You didn't know any spells.

Dungeon Overview and Level Annotations

Branches:
Dungeon (2/15)

Altars:
Cheibriados


Innate Abilities, Weirdness & Mutations

You have a pair of small antennae on your head.
You are partially covered in sharp spines.


Message History

You feel aware of your surroundings.
You see here a stone.
You see here 4 stones.
Xom grants you insight.
You detect creatures!
You see here a stone.
You see here a stone.
There is a stone staircase leading up here.
The gnoll closely misses you. The gnoll hits you but does no damage.
You climb upwards.
There is a stone staircase leading down here.
You are too injured to fight recklessly!
You are too injured to fight recklessly!
You are too injured to fight recklessly!
You are too injured to fight recklessly!
You closely miss the gnoll. The gnoll misses you.
You hit the gnoll but do no damage. The gnoll hits you with a whip.
* * * LOW HITPOINT WARNING * * *
The gnoll hits you with a whip.
You die...

#..........#
#..........#
#######..........#
...##...####.#####
.......####..#
....##.......#
...#...#####.#####
.....### ##......##
....## ##.....g@.##
....# #..........##
...## #...........#
#.### #...........#
....# ##...........#
###.#
##)..........##
.##.# #..#...)....##
..#.###.#..........#
........#..........#


You could see a gnoll.

Vanquished Creatures
  An ooze (D:1)
  2 dart slugs (D:1)
  A ball python (D:1)
  3 giant cockroaches (D:1)
  2 goblins
  6 hobgoblins (D:1)
  4 jackals (D:1)
  3 bats
  A frilled lizard (D:1)
  5 kobolds
  6 rats
34 creatures vanquished.

Notes
Turn   | Place    | Note
-------+----------+-------------------------------------------
     0 | D:1      | Gwenloh the Demonspawn Chaos Knight began the quest for the Orb.
     0 | D:1      | Reached XP level 1. HP: 18/18 MP: 1/1
   132 | D:1      | Gained mutation: You are partially covered in sharp spines. [demonic ancestry]
   132 | D:1      | Reached XP level 2. HP: 17/24 MP: 2/2
   163 | D:1      | XOM: harmless Air miscast
   217 | D:1      | XOM: god gift: meat ration
   355 | D:1      | XOM: cast spell 'Cause Fear'
   418 | D:1      | XOM: cloud trail
   469 | D:1      | Found a snail-covered altar of Cheibriados.
   481 | D:1      | Gained mutation: You have a pair of small antennae on your head. [demonic ancestry]
   481 | D:1      | Reached XP level 3. HP: 29/29 MP: 3/3
   791 | D:2      | XOM: smoke on damage
   799 | D:2      | XOM: divination: magic mapping
   802 | D:2      | XOM: divination: detect creatures
   809 | D:1      | Slain by a gnoll

Vault maps used:
D:1:      dpeg_arrival_shrine, cheibriados_altar_1
D:2:      lemuel_coloured_pillars_altar, fedhas_altar_fruit_tree

Skill      XL: |  1  2 |
---------------+-------+-----
Armour         | 2 |  2.4
Maces & Flails | 3 |  3.2
Fighting       | |  3.5
Dodging        | |  0.8

Action                   || total
-------------------------++-------
Melee: Mace              ||    69
 Stab: Confused          ||     1
Armor: Leather armour    ||    39
Dodge: Dodged            ||    64

Table legend:
 A = Spawn XP
 B = Non-spawn XP
 C = Spawn XP percentage of total XP
 D = Spawn monster count
 E = Non-spawn monster count
 F = Spawn count percentage of total count
 G = Total turns spent on level
                    A         B        C        D         E        F      G
               +---------+---------+-------+---------+---------+-------+---------
         Total |       0 |      62 |   0.0 |       0 |      34 |   0.0 |   809
               +---------+---------+-------+---------+---------+-------+---------
           D:1 |       0 |      57 |   0.0 |       0 |      30 |   0.0 |   778
           D:2 |       0 |       5 |   0.0 |       0 |       4 |   0.0 |    31
               +---------+---------+-------+---------+---------+-------+---------
